 Dungeon Crawl Stone Soup version 0.18-a0-1718-g40ea4b6 (webtiles) character file.

424574 zarick13 the Formicid Blade (level 24, -1/195 HPs)
             Began as a Formicid Fighter on Apr 6, 2016.
             Was the Champion of Pakellas.
             Slain by an Ice Fiend (15 damage)
             ... summoned by an ancient lich
             ... on level 5 of the Vaults on Apr 8, 2016.
             The game lasted 04:02:10 (58568 turns).

zarick13 the Formicid Blade (Formicid Fighter)     Turns: 58568, Time: 04:02:10

Health: -1/195     AC: 28    Str: 39    XL:     24   Next: 94%
Magic:  1/38       EV: 13    Int:  8    God:    Pakellas [******]
Gold:   3663       SH: 17    Dex: 14    Spells: 0 memorised, 23 levels left

rFire  + . .     SeeInvis +     a - +8 triple sword (flame)
rCold  + . .     Gourm    .     e - +0 plate armour {rF+}
rNeg   + . .     Faith    .     J - +0 shield "Amiaty" {+Blink rElec Str+3 Dex+4}
rPois  .         Spirit   .     (helmet unavailable)
rElec  +         Dismiss  .     F - +2 cloak {+Inv}
rCorr  .         Reflect  +     Y - +2 pair of gloves {Str+3}
SustAt .         Harm     .     K - +2 pair of boots
MR     ++...                    y - +4 amulet of reflection
Stlth  ..........               j - ring of positive energy
                                w - ring of protection from cold

@: very slightly contaminated, drained, invisible, very resistant to hostile
enchantments, extremely unstealthy
A: permanent stasis, dig shafts and tunnels, four strong arms, antennae 3
a: Dig, Shaft Self, Quick Charge, Device Surge, Supercharge, Renounce Religion,
Turn Visible
}: 2/15 runes: decaying, gossamer


You were on level 5 of the Vaults.
You worshipped Pakellas.
Pakellas was exalted by your worship.
You were not hungry.

You visited 8 branches of the dungeon, and saw 42 of its levels.
You visited the Abyss 1 time.
You also visited: Labyrinth.

You collected 4474 gold pieces.
You spent 811 gold pieces at shops.

Inventory:

Hand Weapons
 a - a +8 triple sword of flaming (weapon)
 P - the +14 plutonium sword {*Contam Stlth-}
   (You took it off a deep elf death mage on level 3 of the Elven Halls)

   It causes magical contamination when unequipped.
   It makes you less stealthy.
Missiles
 D - a throwing net (quivered)
Armour
 e - a +0 plate armour of fire resistance (worn)
 F - a +2 cloak of invisibility (worn)
 J - the +0 shield "Amiaty" (worn) {+Blink rElec Str+3 Dex+4}
   (You took it off a minotaur in a labyrinth)

   It affects your strength (+3).
   It affects your dexterity (+4).
   It insulates you from electricity.
   It lets you blink.
 K - a +2 pair of boots (worn)
 Y - a +2 pair of gloves of strength (worn)
Rods
 b - a +9 lightning rod (6/17)
   (Pakellas gifted it to you on level 3 of the Lair of Beasts)
Jewellery
 j - a ring of positive energy (right hand)
 k - an uncursed ring of poison resistance
 n - an uncursed ring of protection from magic
 w - a ring of protection from cold (left hand)
 y - a +4 amulet of reflection (around neck)
 H - the amulet of Waezeem {Dismiss +Fly rN+ Str-4 Int+4}
   (You took it off a deep elf death mage on level 3 of the Elven Halls)

   [amulet of dismissal]

   It may teleport away creatures that harm you.
   It affects your strength (-4).
   It affects your intelligence (+4).
   It protects you from negative energy.
   It lets you fly.
 X - a +4 ring of protection
Wands
 g - a wand of heal wounds (5/9)
 l - a wand of digging (8/24)
 u - a wand of iceblast (12/15)
 x - a wand of confusion (34/48)
 B - a wand of digging (11/24)
 C - a wand of iceblast (11/15)
 Q - a wand of acid (6/15)
 T - a wand of disintegration (14/24)
 V - a wand of acid (6/15)
Scrolls
 h - a scroll of brand weapon
 r - a scroll of enchant armour
 s - 21 scrolls of remove curse
 L - 3 scrolls of fear
 U - 3 scrolls of magic mapping
 W - 21 scrolls of identify
Potions
 i - 11 potions of curing
 o - 5 potions of might
 p - 9 potions of heal wounds
 q - 5 potions of cure mutation
 z - 6 potions of flight
 A - 49 potions of magic
 G - 7 potions of cancellation
 I - 2 potions of ambrosia
 O - 4 potions of resistance
Miscellaneous
 c - a plain deck of defence {drawn: 1}
 d - a disc of storms
 N - a sack of spiders {used: 2}
 R - a lamp of fire
 S - a phantom mirror
 Z - a stone of tremors (inert)
Comestibles
 f - 24 bread rations
 m - 20 meat rations


   Skills:
 * Level 17.0(16.7) Fighting
 - Level 24.3(24.0) Long Blades
 - Level 16.1(15.9) Armour
 - Level 8.0(7.7) Dodging
 - Level 9.1(8.8) Shields
 - Level 22.2(21.9) Evocations


You had 23 spell levels left.
You didn't know any spells.

Dungeon Overview and Level Annotations

Branches:
Dungeon (15/15)            Temple (1/1) D:6            Lair (8/8) D:9
  Swamp (4/4) Lair:5       Spider (4/4) Lair:5        Slime (0/6) Lair:6
    Orc (2/2) D:12            Elf (3/3) Orc:2        Vaults (5/5) D:14
  Crypt (0/3) Vaults:2     Depths (0/5) D:15

Altars:
Ashenzari
Cheibriados
Dithmenos
Elyvilon
Fedhas
Gozag
Kikubaaqudgha
Makhleb
Nemelex Xobeh
Okawaru
Pakellas
Qazlal
Ru
Sif Muna
Trog
Vehumet
Xom
Yredelemnul
Zin
The Shining One

Shops:
D:4 (   D:9 }   Orc:1 (   Orc:2 *?!(

Portals:
Trove: Vaults:1 (give 10 potions of heal wounds)

Annotations:
Lair:6 exclusion: 2 oklob plants


Innate Abilities, Weirdness & Mutations

You are under a permanent stasis effect.
You can dig through walls and to a lower floor.
Your four strong arms can wield two-handed weapons with a shield.
You have a pair of large antennae on your head (SInv).


Message History

Your deep troll claws the yaktaur captain. x2
You slash the vault warden! You burn the vault warden.
You kill the vault warden!
Pakellas accepts your kill.
Your base Fighting skill increases to level 17!
The runic seals fade away.
The ettin shouts in stereo!
The yaktaur captain unwields an uncursed flail.
The yaktaur captain wields an arbalest.
The yaktaur captain shoots a poisoned bolt.
The poisoned bolt hits the vault warden!
The vault warden unwields an uncursed war axe.
The vault warden wields an uncursed arbalest.
The vault warden shoots a bolt.
The bolt misses you.
The bolt barely misses the vault sentinel.
The Ice Fiend claws you!
* * * LOW HITPOINT WARNING * * *
The Ice Fiend freezes you! You resist.
You die...
Pakellas says: Time to start the next experiment...

#...(# # #....#
# . #. #...§#
.# .Q#..#....#
..#
(....#c..≈#..§.
≈c..(spDZT.....
####.C§§ZZ(.###
.....9D@pc[T...
...[c(1s(<[(..≈
...(..§9<(T..≈.
....L(.e..TT.≈.
####..[...cT###
#....[.p(.#
.##≈.((#..Y# .#
#....##C#C


You could see a shadow dragon, an ironheart preserver, a titan, an ancient lich
(invisible), a storm dragon, an Ice Fiend, a vault warden, a tengu reaver, 5
yaktaur captains, an elephant shaped shifter (wandering), 2 ettins, a deep
troll, a deep troll shaped shifter, 2 war gargoyles, a vault sentinel, a deep
elf mage, a tarantella, a tarantella shaped shifter, a golden dragon zombie
(wandering), a fire giant zombie, a golden dragon skeleton and 4 friendly deep
trolls.

Vanquished Creatures
  Mara (Vaults:4)
  Boris (Vaults:4)
  Frederick (Vaults:4)
  Norris (Spider:2)
  Saint Roka (Orc:2)
  Nikola (Spider:3)
  Arachne (Spider:4)
  A lich (Abyss:2)
  3 tentacled monstrosities
  Rupert (D:12)
  3 deep elf blademasters
  A titan (Vaults:4)
  2 deep elf master archers (Elf:3)
  Gastronok (Lair:1)
  Kirke (Swamp:1)
  A shadow dragon (Vaults:4)
  4 thorn hunters
  Agnes (Spider:4)
  A storm dragon (Vaults:4)
  2 tengu reavers
  6 deep elf sorcerers
  3 fire giants
  4 frost giants
  Donald (Vaults:4)
  8 vault wardens
  7 ghost moths
  An orc warlord (Orc:1)
  6 emperor scorpions
  An iron dragon (Vaults:4)
  3 war gargoyles
  3 deep elf elementalists (Elf:3)
  A curse skull (Vaults:2)
  A reaper (Abyss:2)
  2 salamander stormcallers (Vaults:4)
  9 stone giants
  6 very ugly things
  14 ironheart preservers
  4 deep elf demonologists (Elf:3)
  The ghost of biohazard the Warrior, a journeyman MiBe of Trog (Lair:3)
  4 deep elf annihilators (Elf:3)
  2 spark wasps
  8 deep elf death magi
  An ettin (Vaults:4)
  2 death oozes (Swamp:4)
  A crystal guardian (Vaults:3)
  A minotaur (Lab)
  2 green deaths (Swamp:4)
  26 vault guards
  2 deep elf high priests
  3 great orbs of eyes
  14 ogre magi
  3 fire dragons
  Fannar (Lair:1)
  11 yaktaur captains
  4 entropy weavers
  16 hydras
  Erolcha (Orc:1)
  4 catoblepae
  2 death knights
  26 dancing weapons
  Erica (D:11)
  7 centaur warriors
  2 thrashing horrors
  4 alligators (Swamp:2)
  2 tengu warriors
  An alligator (shapeshifter) (Elf:1)
  A vampire mage (Vaults:2)
  Urug (Lair:1)
  31 death yaks
  19 deep elf knights
  Nergalle (D:11)
  9 skeletal warriors
  Sonja (D:11)
  3 fire crabs
  7 spriggan druids
  A shadow wraith (Vaults:2)
  5 unseen horrors
  A giant orange brain (Vaults:3)
  14 deep elf archers
  6 deep trolls
  A flayed ghost (Vaults:4)
  3 shambling mangroves
  A shadow demon (Abyss:2)
  A tengu zombie (Vaults:2)
  7 hill giants
  A harpy (Lair:8)
  10 swamp dragons
  14 ironbrand convokers
  19 orc knights
  A harpy (shapeshifter) (D:13)
  40 wolf spiders
  7 necromancers
  6 orc sorcerers
  72 deep elf magi
  A sphinx zombie (Vaults:3)
  6 griffons
  7 hornets
  4 cyclopes
  5 moths of wrath
  5 manticores
  21 orb spiders
  24 ugly things
  An octopode (shapeshifter) (Vaults:3)
  14 elephants
  An iron dragon skeleton (Abyss:2)
  An apocalypse crab (Abyss:2)
  2 stone giant skeletons
  Joseph (D:7)
  A frost giant skeleton (Vaults:5)
  A spiny frog (shapeshifter) (Vaults:4)
  9 black mambas
  12 vault sentinels
  A black mamba (shapeshifter) (Vaults:3)
  24 spiny frogs
  2 orange demons (Swamp:4)
  4 gargoyles
  A torpor snail (Spider:4)
  5 rime drakes (Lair:8)
  9 komodo dragons
  A kobold demonologist (D:9)
  12 yaktaurs
  An efreet (D:13)
  23 demonic crawlers
  A yaktaur skeleton (Vaults:1)
  5 freezing wraiths
  A tengu conjurer (D:14)
  57 jumping spiders
  2 polar bears
  A wolf spider simulacrum (Vaults:1)
  6 trolls
  Prince Ribbit (Lair:2)
  22 two-headed ogres
  5 boulder beetles
  6 giant leeches
  3 raiju (shapeshifter)
  26 slime creatures
  3 raiju (Abyss:2)
  35 blink frogs
  10 bog bodies
  5 human simulacra
  The ghost of murphyslaw the Chiller, an amateur OpIE (D:4)
  5 spriggans
  3 wraiths
  75 redbacks
  16 humans (D:14)
  2 water elementals (Elf:1)
  6 shadows
  42 tarantellas
  49 yaks
  7 wyverns
  3 fire elementals
  5 basilisks
  4 hogs (Swamp:1)
  A fire bat (Abyss:2)
  A chaos spawn (Abyss:2)
  15 hippogriffs
  3 large abominations
  A steam dragon (D:9)
  A hippogriff (shapeshifter) (Vaults:1)
  6 hungry ghosts
  21 swamp worms
  27 vampire mosquitoes
  11 wargs
  2 mottled dragons (Vaults:1)
  11 insubstantial wisps
  An ogre zombie (Vaults:1)
  A naga (shapeshifter) (Vaults:4)
  8 porcupines
  16 water moccasins
  A hell hound (Lair:8)
  4 sky beasts
  An ettin simulacrum (Vaults:3)
  7 swamp drakes
  34 orc warriors
  11 wasps
  2 human zombies
  4 ice beasts
  3 black bears
  3 eyes of draining
  65 ogres
  A necrophage (D:7)
  7 phantoms
  An elf zombie (Vaults:1)
  8 small abominations
  9 centaurs
  17 wolves
  3 human skeletons
  2 big kobolds
  12 crocodiles
  A yaktaur zombie (Vaults:1)
  26 giant frogs
  6 earth elementals
  A gnoll sergeant (D:8)
  A glowing shapeshifter simulacrum (Vaults:5)
  A wyvern zombie (D:10)
  A wyvern skeleton (D:12)
  A scorpion (D:7)
  2 howler monkeys (D:13)
  17 wights
  An electric eel (Lair:5)
  2 crimson imps
  2 yaktaur simulacra
  3 jellies
  A quasit (Abyss:2)
  5 centaur zombies
  16 orc priests
  27 orc wizards
  14 hounds
  7 centaur skeletons
  A giant frog skeleton (D:4)
  2 iguanas
  16 worker ants
  7 hell rats (Lair:6)
  22 sheep
  2 hound zombies
  A howler monkey skeleton (D:6)
  10 gnolls
  21 adders
  58 river rats
  A shadow imp (D:13)
  2 white imps
  3 oozes
  An adder skeleton (D:7)
  An adder zombie (D:9)
  14 worms
  3 dart slugs
  4 giant geckos
  97 orcs
  3 ball pythons
  7 giant cockroaches
  3 goblins
  14 hobgoblins
  4 jackals (D:8)
  15 kobolds
  3 quokkas
  7 bats
  2 giant newts
  A jackal skeleton (D:4)
  10 rats
  2 briar patches (Swamp:2)
  2 crawling corpses (Elf:3)
1945 creatures vanquished.

Vanquished Creatures (collateral kills)
  A tentacled monstrosity (Vaults:5)
  A sphinx (Vaults:5)
  A stone giant (Vaults:5)
  A deep elf annihilator (Elf:3)
  A yaktaur (Vaults:2)
  A two-headed ogre (Vaults:2)
  An orc warrior (Vaults:4)
  2 ogres (Vaults:2)
  An orc (Vaults:4)
10 creatures vanquished.

Vanquished Creatures (others)
  2 deep elf high priests
  2 yaktaur captains (Vaults:5)
  A hell beast (Swamp:4)
  A centaur warrior (D:15)
  A storm dragon zombie (Vaults:1)
  4 deep elf archers
  A phantasmal warrior (Vaults:5)
  A deep elf mage (Elf:2)
  A wolf spider (Spider:4)
  5 yaktaurs
  A human skeleton (Vaults:1)
  4 jumping spiders
  A giant leech (Swamp:3)
  4 redbacks
  A human (Swamp:1)
  A yaktaur simulacrum (Vaults:1)
  3 orc warriors
  A boggart (Vaults:3)
  2 ogres
  A centaur (D:15)
  An orc (Vaults:4)
  A briar patch (Swamp:2)
  A crawling corpse (Vaults:4)
  36 fungi
  19 plants
96 creatures vanquished.

Grand Total: 2051 creatures vanquished

Notes
Turn   | Place    | Note
--------------------------------------------------------------
     0 | D:1      | zarick13 the Formicid Fighter began the quest for the Orb.
     0 | D:1      | Reached XP level 1. HP: 18/18 MP: 1/1
   265 | D:1      | Reached XP level 2. HP: 24/24 MP: 2/2
   399 | D:1      | Reached skill level 3 in Long Blades
   745 | D:2      | Reached XP level 3. HP: 29/29 MP: 3/3
  1181 | D:2      | Reached skill level 4 in Long Blades
  1181 | D:2      | Reached XP level 4. HP: 35/35 MP: 4/4
  2061 | D:3      | Reached XP level 5. HP: 19/41 MP: 5/5
  2069 | D:3      | Reached skill level 5 in Long Blades
  2363 | D:3      | Noticed an ogre
  2370 | D:3      | Killed an ogre
  2370 | D:3      | Reached skill level 6 in Long Blades
  2370 | D:3      | Reached XP level 6. HP: 47/47 MP: 6/6
  2887 | D:3      | Found a blossoming altar of Fedhas.
  2888 | D:3      | Found an ancient bone altar of Kikubaaqudgha.
  3281 | D:4      | Noticed murphyslaw's ghost (amateur OpIE)
  3291 | D:4      | Killed murphyslaw's ghost
  3291 | D:4      | Reached skill level 7 in Long Blades
  3291 | D:4      | Reached XP level 7. HP: 43/52 MP: 7/7
  3517 | D:4      | Found a snail-covered altar of Cheibriados.
  3518 | D:4      | Found a glowing golden altar of the Shining One.
  3715 | D:4      | Found Umaogrit's Weapon Boutique.
  3972 | D:4      | Reached skill level 8 in Long Blades
  4502 | D:4      | Reached XP level 8. HP: 49/58 MP: 8/8
  4825 | D:5      | Entered Level 5 of the Dungeon
  4848 | D:5      | Reached skill level 9 in Long Blades
  5616 | D:5      | Reached skill level 10 in Long Blades
  5679 | D:5      | Found a sacrificial altar of Ru.
  6003 | D:6      | Found an iron altar of Okawaru.
  6003 | D:6      | Found a shattered altar of Ashenzari.
  6003 | D:6      | Found a deep blue altar of Sif Muna.
  6003 | D:6      | Found a shimmering altar of Xom.
  6003 | D:6      | Found a basalt altar of Yredelemnul.
  6027 | D:5      | Reached XP level 9. HP: 49/64 MP: 9/9
  6203 | D:6      | Reached skill level 5 in Armour
  6498 | D:6      | Found a glowing silver altar of Zin.
  6557 | D:6      | Found a staircase to the Ecumenical Temple.
  6571 | Temple   | Entered the Ecumenical Temple
  6580 | Temple   | Became a worshipper of Pakellas the Inventive
  7806 | D:7      | Noticed Joseph
  7834 | D:7      | Killed Joseph
  7834 | D:7      | Reached skill level 5 in Evocations
  7908 | D:7      | Reached XP level 10. HP: 64/70 MP: 14/14
  8182 | D:8      | Reached * piety under Pakellas
  8207 | D:8      | You fall through a shaft for 3 floors!
  8207 | D:11     | Noticed Erica
  8233 | D:11     | Killed Erica
  8233 | D:11     | Reached skill level 11 in Long Blades
  8512 | D:11     | Noticed Nergalle
  8528 | D:11     | Killed Nergalle
  8528 | D:11     | Reached skill level 12 in Long Blades
  8585 | D:10     | Entered Level 10 of the Dungeon
  8591 | D:9      | Noticed a kobold demonologist
  8816 | D:9      | Found a shadowy altar of Dithmenos.
  8852 | D:9      | Noticed a komodo dragon
  8860 | D:9      | Found a staircase to the Lair.
  8883 | D:9      | Killed a komodo dragon
  9084 | D:9      | Noticed a tengu warrior
  9099 | D:9      | Killed a tengu warrior
  9099 | D:9      | Reached skill level 13 in Long Blades
  9099 | D:9      | Reached XP level 11. HP: 60/75 MP: 8/15
  9354 | D:9      | Reached skill level 5 in Shields
  9410 | D:9      | Noticed a green ugly thing
  9414 | D:9      | Killed a green ugly thing
  9429 | D:9      | Reached ** piety under Pakellas
  9429 | D:9      | Received a gift from Pakellas
  9430 | D:9      | Noticed an unseen horror
  9435 | D:9      | Killed an unseen horror
  9841 | D:9      | Found Yxelal's Quality Used Wands.
  9849 | D:9      | Bought a wand of acid (0/15) for 112 gold pieces
  9849 | D:9      | Bought a wand of confusion (0/48) for 21 gold pieces
 10184 | Lair:1   | Entered Level 1 of the Lair of Beasts
 10266 | Lair:1   | Noticed Fannar
 10287 | Lair:1   | Killed Fannar
 10611 | Lair:1   | Reached skill level 14 in Long Blades
 10734 | Lair:1   | Noticed Urug
 10783 | Lair:1   | Killed Urug
 10783 | Lair:1   | Reached XP level 12. HP: 21/81 MP: 15/17
 11113 | Lair:1   | Noticed Gastronok
 11155 | Lair:1   | Killed Gastronok
 11490 | Lair:1   | Upgraded the game from 0.18-a0-1694-g9f731c2 to 0.18-a0-1704-g762f1eb
 11620 | Lair:2   | Noticed a seven-headed hydra
 11635 | Lair:2   | Killed a one-headed hydra
 11807 | Lair:2   | Reached skill level 5 in Fighting
 12158 | Lair:2   | Noticed Prince Ribbit
 12666 | Lair:2   | Killed Prince Ribbit
 12666 | Lair:2   | Reached *** piety under Pakellas
 13769 | Lair:3   | Noticed biohazard's ghost (journeyman MiBe)
 13815 | Lair:3   | Killed biohazard's ghost
 13815 | Lair:3   | Reached skill level 10 in Armour
 13815 | Lair:3   | Reached XP level 13. HP: 40/93 MP: 19/19
 14299 | Lair:3   | Reached skill level 10 in Evocations
 14404 | Lair:3   | Reached **** piety under Pakellas
 14404 | Lair:3   | Received a gift from Pakellas
 15807 | Lair:4   | Reached ***** piety under Pakellas
 16724 | Lair:5   | Reached skill level 10 in Fighting
 16724 | Lair:5   | Reached XP level 14. HP: 97/110 MP: 23/23
 16848 | Lair:5   | Found a staircase to the Swamp.
 17133 | Lair:5   | Found a hole to the Spider Nest.
 17818 | Lair:6   | Reached ****** piety under Pakellas
 18113 | Lair:6   | Found a staircase to the Slime Pits.
 19605 | Lair:7   | Received a gift from Pakellas
 19965 | Lair:7   | Reached XP level 15. HP: 126/127 MP: 12/24
 20224 | Lair:8   | Entered Level 8 of the Lair of Beasts
 20235 | Lair:8   | Reached skill level 15 in Fighting
 21921 | Lair:8   | Reached skill level 15 in Evocations
 22242 | Lair:8   | Reached XP level 16. HP: 74/136 MP: 27/27
 24443 | D:11     | Noticed Sonja
 24448 | D:11     | Killed Sonja
 25135 | D:12     | Found a staircase to the Orcish Mines.
 25258 | D:12     | Noticed Rupert
 25264 | D:12     | Killed Rupert
 25352 | Orc:1    | Entered Level 1 of the Orcish Mines
 25355 | Orc:1    | Received a gift from Pakellas
 25820 | Orc:1    | Reached skill level 15 in Long Blades
 25937 | Orc:2    | Entered Level 2 of the Orcish Mines
 25937 | Orc:2    | Found a staircase to the Elven Halls.
 26186 | Orc:2    | Found Tafa's Distillery.
 26187 | Orc:2    | Found Upryop's Antique Weapon Boutique.
 26187 | Orc:2    | Found Ciczeu's Magic Scroll Shoppe.
 26187 | Orc:2    | Found Eqidota's Assorted Antiques.
 26384 | Orc:2    | Noticed Saint Roka
 26567 | Orc:2    | Killed Saint Roka
 26567 | Orc:2    | Reached skill level 16 in Long Blades
 26567 | Orc:2    | Reached XP level 17. HP: 95/142 MP: 3/29
 27053 | Orc:2    | Bought a scroll of magic mapping for 59 gold pieces
 27053 | Orc:2    | Bought a scroll of fear for 59 gold pieces
 27053 | Orc:2    | Bought a scroll of enchant armour for 127 gold pieces
 27054 | Orc:2    | Bought a pair of runed gloves for 139 gold pieces
 27101 | Orc:1    | Found Voovof's Antique Weapon Shoppe.
 27450 | Orc:1    | Noticed Erolcha
 27454 | Orc:1    | Killed Erolcha
 27939 | Spider:1 | Entered Level 1 of the Spider Nest
 28827 | Spider:1 | Reached skill level 17 in Long Blades
 30265 | Spider:2 | Noticed Norris
 30281 | Spider:2 | Killed Norris
 30364 | Spider:2 | Reached skill level 18 in Long Blades
 30485 | Spider:2 | Received a gift from Pakellas
 30868 | Spider:3 | Identified a scroll of acquirement
 31010 | Spider:3 | Noticed Nikola
 31022 | Spider:3 | Reached XP level 18. HP: 137/149 MP: 19/30
 31073 | Spider:3 | Killed Nikola
 31263 | Spider:3 | Reached skill level 19 in Long Blades
 32508 | Spider:4 | Entered Level 4 of the Spider Nest
 32965 | Spider:4 | Reached skill level 20 in Long Blades
 33221 | Spider:4 | Noticed Arachne
 33247 | Spider:4 | HP: 6/149 [emperor scorpion (18)]
 33255 | Spider:4 | Noticed Agnes
 33277 | Spider:4 | Killed Agnes
 33302 | Spider:4 | Killed Arachne
 34228 | Spider:4 | Reached XP level 19. HP: 154/155 MP: 31/31
 34283 | Spider:4 | Reached skill level 21 in Long Blades
 34363 | Spider:4 | Received a gift from Pakellas
 34939 | Spider:4 | Got a gossamer rune of Zot
 35421 | Swamp:1  | Entered Level 1 of the Swamp
 35694 | Swamp:1  | Noticed Kirke
 35709 | Swamp:1  | Killed Kirke
 36353 | Swamp:2  | Reached skill level 22 in Long Blades
 38029 | Swamp:4  | Entered Level 4 of the Swamp
 38425 | Swamp:4  | Reached XP level 20. HP: 128/162 MP: 30/32
 38583 | Swamp:4  | Reached skill level 23 in Long Blades
 38631 | Swamp:4  | Got a decaying rune of Zot
 40100 | D:13     | Identified the Reference Book on Captivating Calling
 40490 | D:14     | Found a gate to the Vaults.
 40807 | D:14     | Found a blossoming altar of Fedhas.
 41064 | D:15     | Entered Level 15 of the Dungeon
 41084 | D:15     | Found a labyrinth entrance.
 41097 | Lab      | Entered a labyrinth
 41180 | Lab      | Got a faintly glowing shield
 41191 | Lab      | Identified the +0 shield "Amiaty" {+Blink rElec Str+3 Dex+4} (You took it off a minotaur in a labyrinth)
 41223 | Lab      | Got an iridescent shortbow
 41267 | D:15     | Found a staircase to the Depths.
 41970 | Elf:1    | Entered Level 1 of the Elven Halls
 42032 | Elf:1    | Found a radiant altar of Vehumet.
 42111 | Elf:1    | Reached skill level 24 in Long Blades
 42545 | Elf:1    | Received a gift from Pakellas
 42591 | Elf:1    | Identified the Handbook of Supportive Attacks
 42650 | Elf:1    | Reached XP level 21. HP: 112/168 MP: 20/33
 43420 | Elf:1    | Upgraded the game from 0.18-a0-1704-g762f1eb to 0.18-a0-1718-g40ea4b6
 43850 | Elf:2    | Found a runed gate.
 43850 | Elf:2    | Found a runed gate.
 43850 | Elf:2    | Found a runed gate.
 45347 | Elf:3    | Entered Level 3 of the Elven Halls
 46014 | Elf:3    | Reached skill level 15 in Armour
 46418 | Elf:3    | Reached XP level 22. HP: 165/175 MP: 34/34
 46503 | Elf:3    | Cast into level 2 of the Abyss (a deep elf demonologist)
 46766 | Elf:3    | Escaped the Abyss
 46839 | Elf:3    | Got a bound golden amulet
 46841 | Elf:3    | Identified the amulet of Waezeem {Dismiss +Fly rN+ Str-4 Int+4} (You took it off a deep elf death mage on level 3 of the Elven Halls)
 46900 | Elf:3    | Identified the Disquisition on Torrid Black Secrets (You found it on level 3 of the Elven Halls)
 47044 | Elf:3    | Got a warped platinum amulet
 47046 | Elf:3    | Identified the amulet of Giasorod {Spirit rElec Int+4 Dex+4} (You took it off a deep elf blademaster on level 3 of the Elven Halls)
 47445 | Vaults:1 | Entered Level 1 of the Vaults
 47736 | Vaults:1 | Found a portal to a secret trove of treasure.
 49844 | Vaults:2 | Received a gift from Pakellas
 50205 | Vaults:2 | Reached XP level 23. HP: 155/181 MP: 29/36
 50494 | Vaults:2 | Found a staircase to the Crypt.
 53561 | Orc:2    | Bought a jewelled chain mail for 294 gold pieces
 53573 | Orc:2    | Identified the cursed +0 chain mail of the Hippo {Str+2} (You bought it in a shop on level 2 of the Orcish Mines)
 54394 | Vaults:4 | Noticed Frederick
 54411 | Vaults:4 | Noticed Donald
 54416 | Vaults:4 | Killed Frederick
 54416 | Vaults:4 | Reached XP level 24. HP: 40/188 MP: 16/38
 54434 | Vaults:4 | Killed Donald
 55225 | Vaults:4 | Reached skill level 1 in Dodging
 55487 | Vaults:4 | Received a gift from Pakellas
 56043 | Vaults:5 | Entered Level 5 of the Vaults
 56043 | Vaults:5 | Noticed Boris
 56044 | Vaults:5 | Reached skill level 5 in Dodging
 56058 | Vaults:4 | Killed Boris
 56681 | Vaults:5 | Noticed an ancient lich
 57179 | Vaults:4 | Noticed Mara
 57182 | Vaults:4 | Noticed zarick13's illusion
 57232 | Vaults:4 | Noticed zarick13's illusion
 57248 | Vaults:4 | Killed Mara
 58568 | Vaults:5 | Slain by an Ice Fiend

Vault maps used:
D:1:      co_arrival_random_square_maze
D:3:      grunt_temple_overflow_growth_and_decay
D:4:      kennysheep_big_flooded_room, gammafunk_temple_overflow_statue,
          serial_shops, shop
D:5:      overflow_temple_1_default, first_bread, serial_park_tiny_pond
D:6:      grunt_temple_overflow_open, kennysheep_little_box,
          minmay_temple_entry_crystal_x
D:7:      minmay_misc_feat_nine_boxes, grunt_ogre_cave, uniq_joseph
D:9:      minmay_distorted_concentric_squares,
          nicolae_dithmenos_through_a_glass_darkly, david_lair_shrubbed,
          minivault_27, nicolae_for_you_no_charge
D:11:     uniq_sonja, uniq_nergalle, uniq_erica
D:12:     minmay_stone_box, minmay_orc_entry_guard_dogs, uniq_rupert
D:13:     minivault_4
D:14:     david_vaults_3, serial_park_tiny_2, fedhas_altar_3
D:15:     grunt_enter_depths_giant_problem, lab_entry_generic
Temple:   nicolae_temple_no_exploring_needed
Lair:1:   uniq_fannar, uniq_gastronok, uniq_urug
Lair:2:   guppyfry_lair_drakes, uniq_prince_ribbit2
Lair:3:   lemuel_fruit_fields, serial_bayou_shore_b
Lair:5:   swamp_mist_pool, spider_nest_entry_a
Lair:6:   minmay_slime_entry_oklob_enclosed, lemuel_fruit_fields,
          infiniplex_staircase_pool_2
Lair:7:   lemuel_fruit_tree
Lair:8:   evilmike_catoblepas_cave, special_room, worms_lemuel,
          infiniplex_staircase_pool
Swamp:1:  serial_swamp_ruin, evilmike_swamp_ruin_house_1,
          evilmike_swamp_ruin_rubble_1, evilmike_swamp_ruin_house_5, uniq_kirke
Swamp:2:  evilmike_swamp_ruin_house_4
Swamp:3:  hangedman_swamp_blocks, swamp_pool2
Swamp:4:  swamp_vile, swamp_pool5
Spider:2: guppyfry_spider_mini_2, uniq_norris
Spider:3: spider_trap, nicolae_crawler_farm, uniq_nikola
Spider:4: johnstein_spider_rune_arachne_lair, nicolae_arachne_temple, uniq_agnes
Orc:1:    serial_shops, nicolae_shop_statue_plus, nicolae_orc_rockfall,
          uniq_erolcha
Orc:2:    st_orc_ogre_mass, uniq_saint_roka
Elf:1:    eino_elf_arrival_altar, minmay_elf_sorcery
Elf:3:    elf_hall_gauntlet_wide, nicolae_elf_big_sculpture_1
Vaults:1: ontoclasm_vaults_shout, grunt_vaults_focal, v_misc_14, v_pattern_5,
          hangedman_vaults_unwind, vaults_mumra_lcd, vaults_room_door_hall,
          serial_ice_m, vaults_room_door_ring, grunt_vaults_hallway_long,
          hangedman_vaults_restitches, ontoclasm_vaults_twist,
          nicolae_vaults_mini_display_case, ontoclasm_vaults_fault,
          nicolae_trove_entry_diagonal
Vaults:2: nicolae_vaults_murderbox, nicolae_vaults_little_ls,
          minmay_crypt_entry_simple_plaza, v_misc_15, hangedman_vaults_trim,
          vaults_mumra_chevron, ontoclasm_vaults_idyll,
          hangedman_vaults_river_flow, grunt_vaults_swirl,
          vaults_dpeg_encased_lava, v_misc_17
Vaults:3: v_pattern_3, st_quartered_hall, vaults_room_door_ring,
          ontoclasm_vaults_decontamination, nicolae_vaults_little_squares_6,
          dpeg_vaults_monster_box, nicolae_vaults_shelves_hall, serial_ice_b,
          v_rooms_1
Vaults:4: nicolae_vaults_quadrants, hangedman_vaults_impose, v_pattern_4,
          ontoclasm_vaults_shuriken, nicolae_vaults_diagonal_hallway_7,
          vaults_standard_mumra_enter_the_diamond, hangedman_vaults_slice,
          vaults_room_hallway, uniq_donald, uniq_mara, uniq_frederick
Vaults:5: serial_shops, uniq_boris
Lab:      nicolae_lab_dead_adventurers, labyrinth_skeletal_remains,
          nicolae_lab_diamond, nicolae_lab_x, nicolae_lab_grate,
          nicolae_lab_plus

Skill      XL: |  1  2  3  4  5  6  7  8  9 10 11 12 13 14 15 16 17 18 19 20 21 22 23 24 |
---------------+-------------------------------------------------------------------------+-----
Long Blades    | 3 4 6 7 8 10 13 14 16 18 20 22 24 | 24.3
Armour         | 4 7 10 11 15 16 | 16.1
Evocations     | 6 9 12 15 16 19 22 | 22.2
Shields        | 9 |  9.1
Fighting       | 6 10 14 15 17 | 17.0
Dodging        | 8 |  8.0

Action                   |  1- 3 |  4- 6 |  7- 9 | 10-12 | 13-15 | 16-18 | 19-21 | 22-24 || total
-------------------------+-------+-------+-------+-------+-------+-------+-------+-------++-------
Melee: Long sword        |    93 |   159 |   394 |    58 |       |       |       |       ||   704
       Scimitar          |       |       |       |   528 |   819 |   974 |       |       ||  2321
       Triple sword      |       |       |       |       |       |   494 |  1264 |   969 ||  2727
Throw: Throwing net      |       |       |       |       |     1 |     3 |       |     2 ||     6
Invok: Quick Charge      |       |       |       |     5 |     2 |     7 |     5 |     8 ||    27
       Device Surge      |       |       |       |       |       |     3 |     1 |     2 ||     6
 Abil: Dig               |       |     3 |       |     3 |     5 |     3 |     6 |       ||    20
       Evoke Invisibilit |       |       |       |       |       |     4 |     6 |    15 ||    25
Evoke: Wand              |       |       |     3 |    54 |     6 |    28 |    30 |    36 ||   157
       Rod               |       |       |       |       |    92 |    72 |    61 |    60 ||   285
       Lamp of fire      |       |       |       |       |       |       |     1 |     1 ||     2
       Disc of storms    |       |       |       |       |       |       |       |    12 ||    12
       Sack of spiders   |       |       |       |       |       |       |       |     2 ||     2
       Deck              |       |       |       |       |       |       |       |     1 ||     1
       Stone of tremors  |       |       |       |       |       |       |       |     1 ||     1
       Phantom mirror    |       |       |       |       |       |       |       |     1 ||     1
  Use: Scroll            |     3 |    10 |     8 |     6 |     5 |    16 |    15 |     6 ||    69
       Potion            |       |     2 |       |     1 |     3 |     5 |     2 |     6 ||    19
 Stab: Sleeping          |       |     1 |       |       |       |       |       |       ||     1
       Invisible         |       |       |       |     2 |       |     7 |    25 |    28 ||    62
       Held in net/web   |       |       |       |       |       |     4 |       |     2 ||     6
       Confused          |       |       |       |       |       |       |     1 |       ||     1
       Distracted        |       |       |       |       |       |       |     1 |       ||     1
  Eat: Chunk             |     1 |     7 |    14 |    16 |    25 |    36 |    29 |    14 ||   142
       Fruit             |       |       |     1 |     2 |     2 |     4 |    15 |     3 ||    27
       Bread ration      |       |       |       |     1 |       |       |       |       ||     1
       Pizza             |       |       |       |       |     1 |     1 |     3 |     1 ||     6
       Beef jerky        |       |       |       |       |       |     1 |       |    11 ||    12
       Meat ration       |       |       |       |       |       |     1 |       |     3 ||     4
       Royal jelly       |       |       |       |       |       |       |       |     1 ||     1
